Map: Port Aleksander LE

Players

Future

  • Race: Terran Terran
  • League: Grandmaster
  • Spawn Location: 5:00

puCK (Nina) - Winner!

  • Race: Protoss Protoss
  • League: Grandmaster
  • Spawn Location: 11:00

Event: Cheeseadelphia 8

VOD

Have the link to the VOD?

Description

Time

  • Played on: Dec. 9, 2018, 6:06 p.m.
  • Length: 16:05

All games in this series

Show
View Real Time Build Order
Export as new Build Order

Future Terran 

Build Orders: Banshee Rush 

Get SALT Encoding   

  12  0:00  SCV  
  13  0:12  SCV  
  14  0:18  Supply Depot  
  14  0:24  SCV  
  15  0:39  SCV  
  15  0:41  Barracks  
  16  0:46  Refinery  
  16  0:51  SCV  
  16  0:56  Refinery  
  17  1:03  SCV  
  18  1:15  SCV  
  19  1:27  Reaper  
  19  1:28  Orbital Command  
  20  1:41  Supply Depot  
  20  1:45  Factory  
  20  1:53  SCV  
  21  1:59  Reaper  
  22  2:05  SCV  
  23  2:17  SCV  
  24  2:26  Command Center  
  24  2:34  Starport  
  24  2:36  SCV  
  25  2:42  Hellion  
  27  2:48  SCV  
  28  2:53  Supply Depot  
  28  3:00  SCV  
  29  3:06  Factory Tech Lab  
  29  3:07  Barracks Reactor  
  29  3:12  SCV  
  30  3:13  Starport Tech Lab  
  30  3:24  SCV  
  34  3:28  Cyclone  
  34  3:34  Banshee  
  34  3:36  SCV  
  38  3:43  Orbital Command  
  38  3:45  Cloaking Field  
  38  3:47  Marine  
  31  4:03  SCV  
  31  4:09  Marine x2  
  32  4:13  SCV  
  32  4:16  SCV  
  36  4:23  Banshee  
  39  4:26  SCV  
  39  4:28  SCV  
  41  4:32  Marine x2  
  43  4:39  SCV  
  43  4:41  SCV  
  43  4:45  Siege Tank  
  48  4:49  Supply Depot  
  48  4:52  Marine, SCV  
  50  4:53  SCV  
  50  4:59  Supply Depot  
  51  5:04  SCV  
  51  5:05  SCV  
  53  5:10  Banshee  
  54  5:16  SCV  
  54  5:19  SCV  
  55  5:26  Siege Tank  
  55  5:28  SCV  
  59  5:30  Marine x2  
  59  5:31  Supply Depot, SCV  
  62  5:40  SCV  
  63  5:43  SCV  
  63  5:47  Command Center  
  64  5:50  Marine x2  
  64  5:52  SCV  
  66  5:58  SCV  
  66  6:00  Siege Tank  
  70  6:05  SCV  
  70  6:08  Marine  
  70  6:09  Marine  
  70  6:10  SCV  
  74  6:13  Viking  
  74  6:17  SCV  
  77  6:21  Refinery  
  77  6:22  Refinery, Supply Depot  
  77  6:25  SCV  
  77  6:31  Barracks  
  80  6:35  Barracks, SCV  
  78  6:40  SCV  
  78  6:45  Widow Mine x2  
  80  6:47  SCV  
  80  6:50  Marine  
  80  6:51  Stimpack  
  80  6:52  SCV  
  82  6:56  Banshee  
  82  6:59  SCV  
  86  7:04  SCV  
  86  7:07  Bunker  
  87  7:08  Supply Depot, Marine, Engineering Bay  
  87  7:11  SCV  
  89  7:21  Widow Mine x2  
  94  7:26  Marine  
  94  7:27  Orbital Command  
  94  7:33  Barracks Reactor  
  94  7:35  Barracks  
  94  7:36  Terran Infantry Weapons Level 1, Barracks  
  94  7:44  Marine  
  94  7:45  Marine, Combat Shield  
  94  7:47  SCV  
  94  7:48  SCV  
  94  7:49  Starport Reactor  
  98  7:52  Widow Mine x2  
  102  8:02  Marine  
  102  8:03  Marine  
  104  8:06  SCV  
  104  8:12  Marine  
  104  8:13  Marine, Widow Mine  
  104  8:14  Widow Mine  
  109  8:20  Marauder  
  109  8:21  Marauder  
  109  8:23  Barracks Tech Lab, Barracks Reactor  
  109  8:26  SCV  
  111  8:30  Orbital Command  
  111  8:33  SCV  
  112  8:38  SCV  
  113  8:42  Marauder  
  113  8:43  Marauder  
  113  8:46  Supply Depot, Marine, Marauder  
  113  8:47  SCV  
  113  8:48  Supply Depot x2, Engineering Bay, Armory  
  121  8:50  Medivac  
  121  8:51  Medivac, Supply Depot  
  121  8:52  Concussive Shells  
  125  9:02  Missile Turret, Supply Depot  
  125  9:03  Supply Depot  
  125  9:04  Supply Depot  
  125  9:07  SCV x2  
  127  9:12  Marine, Marauder x3  
  127  9:14  Marine  
  127  9:15  Marine  
  126  9:33  Marine x4, Marauder x2  
  126  9:34  Marauder  
  133  9:40  SCV  
  133  9:45  SCV x2  
  132  9:50  Marine  
  132  9:51  Marine  
  132  9:52  SCV  
  128  9:53  Marine  
  128  9:54  Marauder x2  
  128  9:55  Marauder  
  128  9:56  Widow Mine x2  
  128  9:57  SCV x2  
  131  10:00  Marine  
  131  10:05  SCV  
  127  10:09  Marine x2, SCV x2  
  128  10:16  Marauder x3  
  128  10:17  SCV  
  135  10:24  Widow Mine  
  135  10:25  Widow Mine  
  137  10:31  Marine  
  137  10:32  Marine  
  137  10:37  Marauder x2, SCV  
  137  10:38  SCV x2  
  137  10:40  Starport x2  
  139  10:45  Marauder  
  139  10:48  Marine  
  139  10:49  Marine  
  144  10:54  Refinery  
  144  10:55  Refinery, Terran Infantry Armor Level 1  
  144  10:56  Terran Infantry Weapons Level 2  
  147  11:04  Marauder x2  
  147  11:06  Marine, Marauder  
  147  11:15  SCV  
  150  11:21  Liberator x2, Marine  
  150  11:22  Marine x2  
  151  11:27  Supply Depot  
  151  11:29  Supply Depot, Marine, Marauder  
  151  11:32  Liberator x2  
  152  11:35  Marauder  
  143  12:04  Liberator x2  
  143  12:07  Orbital Command  
  140  12:29  Command Center  
  139  12:42  SCV  
  140  12:45  Medivac x2  
  129  12:53  Liberator x2  
  129  12:58  SCV x2  
  131  13:05  Orbital Command  
  131  13:06  Sensor Tower  
  136  13:13  Marauder  
  138  13:25  Terran Infantry Weapons Level 3  
  138  13:28  Marine x3  
  141  13:34  SCV  
  141  13:36  SCV  
  141  13:38  SCV  
  141  13:41  Liberator  
  143  13:51  Marine, Marauder x2  
  130  14:03  Marauder  
  126  14:13  Marine, Marauder x2  
  126  14:17  Marine x2  
  126  14:18  Marine  
  129  14:29  Marauder  
  117  14:32  SCV x2  
  117  14:33  SCV  
  117  14:35  Marauder  
  124  14:44  Refinery, SCV  
  123  14:50  Marine x2, Marauder x2  
  129  14:53  Widow Mine  
  129  14:54  Widow Mine  
  133  15:00  Viking  
  133  15:02  SCV  
  133  15:04  SCV  
  137  15:12  Missile Turret  
  137  15:21  Missile Turret  
  137  15:25  SCV  
  137  15:27  Marauder  
  137  15:28  Marauder  
  134  15:49  SCV  
  129  15:50  Sensor Tower  
Show
View Real Time Build Order
Export as new Build Order

puCK Protoss - Winner!

Build Orders: 1 Gate Expand, Oracle Opening 

Get SALT Encoding   

  12  0:00  Probe  
  13  0:12  Probe  
  14  0:19  Pylon  
  14  0:24  Probe  
  15  0:33  Probe  
  15  0:39  Gateway  
  15  0:41  Probe  
  17  0:50  Assimilator  
  17  0:51  Probe  
  18  1:03  Probe  
  19  1:15  Probe  
  20  1:26  Cybernetics Core  
  20  1:27  Probe  
  21  1:42  Nexus  
  21  1:48  Assimilator  
  21  1:53  Adept  
  22  1:58  Pylon  
  23  2:16  Probe  
  23  2:20  Stargate  
  24  2:28  Stalker, Probe  
  27  2:37  Pylon  
  27  2:40  Probe  
  27  2:43  Warp Gate  
  28  2:53  Probe  
  28  2:55  Oracle  
  29  3:07  Probe  
  32  3:13  Probe  
  32  3:15  Stalker  
  32  3:19  Probe  
  36  3:23  Probe, Shield Battery  
  37  3:31  Probe x2  
  38  3:39  Oracle  
  39  3:43  Probe  
  39  3:48  Probe  
  43  3:55  Probe  
  45  3:56  Probe  
  45  4:02  Robotics Facility  
  46  4:04  Probe  
  46  4:07  Probe  
  45  4:16  Probe  
  46  4:17  Shield Battery  
  46  4:18  Gateway  
  46  4:19  Probe  
  47  4:28  Probe  
  48  4:31  Gateway, Probe  
  49  4:38  Assimilator  
  49  4:40  Assimilator  
  49  4:41  Probe  
  49  4:42  Pylon  
  50  4:48  Pylon  
  50  4:54  Pylon  
  50  4:58  Pylon, Observer  
  52  5:02  Stalker  
  53  5:07  Probe  
  52  5:15  Probe  
  52  5:16  Warp Prism  
  51  5:22  Stalker  
  51  5:23  Probe  
  56  5:31  Stalker  
  56  5:32  Probe  
  59  5:42  Robotics Bay  
  59  5:44  Gateway  
  59  5:46  Probe  
  59  5:47  Gateway  
  60  5:54  Stalker x2  
  60  5:55  Immortal  
  67  6:17  Pylon, Shield Battery  
  67  6:19  Zealot x3  
  67  6:21  Pylon  
  73  6:29  Colossus  
  73  6:32  Probe  
  74  6:36  Probe  
  81  6:43  Extended Thermal Lance  
  81  6:44  Probe  
  82  6:48  Probe  
  82  6:52  Twilight Council  
  82  6:56  Stalker  
  82  6:58  Probe  
  79  7:04  Stalker  
  79  7:05  Probe  
  82  7:10  Probe  
  80  7:17  Probe  
  80  7:22  Probe, Sentry  
  83  7:24  Charge  
  83  7:29  Probe  
  84  7:34  Probe  
  84  7:36  Colossus  
  85  7:41  Probe  
  93  7:52  Pylon  
  93  7:58  Forge  
  92  8:17  Probe  
  93  8:23  Protoss Ground Weapons Level 1  
  93  8:27  Nexus, Probe  
  93  8:28  Pylon  
  93  8:29  Zealot x2  
  98  8:44  Templar Archives, Pylon  
  98  8:51  Zealot x3  
  104  8:58  Observer  
  105  9:06  Gateway  
  105  9:09  Gateway  
  105  9:15  Pylon  
  105  9:20  Zealot  
  105  9:21  Zealot x3  
  113  9:25  Zealot  
  115  9:33  Probe x2  
  115  9:38  Disruptor  
  117  9:41  Probe  
  115  9:45  Probe  
  115  9:49  Probe  
  117  9:52  Zealot  
  117  9:54  High Templar x2  
  117  9:55  High Templar  
  117  9:58  Zealot x4  
  115  10:00  Probe  
  115  10:01  Probe  
  115  10:07  Probe  
  118  10:09  Probe  
  118  10:13  Photon Cannon, Probe  
  118  10:18  Probe  
  118  10:19  Probe  
  118  10:20  High Templar  
  118  10:21  High Templar x3  
  125  10:25  Archon x2  
  122  10:28  Protoss Ground Armor Level 1  
  122  10:30  Zealot  
  122  10:31  Zealot x2  
  122  10:33  Probe  
  127  10:44  Blink  
  127  10:47  Probe x2  
  127  10:49  Assimilator  
  129  10:53  High Templar x2  
  129  10:55  Pylon  
  133  10:59  Archon  
  133  11:00  Assimilator  
  132  11:12  Photon Cannon  
  132  11:14  Photon Cannon  
  132  11:15  High Templar x3  
  132  11:16  Probe, High Templar  
  141  11:20  Archon x2  
  141  11:24  Photon Cannon  
  141  11:26  Pylon  
  141  11:28  Pylon  
  141  11:29  Pylon  
  140  11:40  Pylon  
  140  11:43  Disruptor  
  135  11:53  Nexus  
  126  11:55  Zealot x4  
  134  12:07  Zealot x3  
  139  12:13  Disruptor  
  142  12:33  Pylon  
  142  12:39  Pylon  
  142  12:44  Dark Shrine  
  142  12:55  Disruptor  
  145  13:04  High Templar x5  
  155  13:07  Assimilator  
  155  13:08  Archon x2  
  155  13:09  Assimilator  
  155  13:11  Photon Cannon  
  155  13:13  High Templar  
  155  13:14  Pylon  
  157  13:20  Archon  
  157  13:25  Zealot  
  159  13:32  Disruptor  
  162  13:37  Nexus  
  162  13:39  Pylon  
  162  13:45  Zealot  
  162  13:46  Zealot x3  
  123  14:05  Stalker x4  
  123  14:07  Zealot  
  129  14:15  Disruptor  
  125  14:18  Zealot  
  127  14:26  Stalker  
  127  14:29  High Templar x4  
  137  14:33  Archon x2  
  137  14:36  Probe x2  
  137  14:39  Stalker  
  137  14:44  Stalker  
  141  14:48  Probe x2  
  143  15:00  Probe x3  
  143  15:02  Disruptor  
  143  15:04  Stalker x2  
  143  15:06  Probe  
  151  15:12  Probe  
  151  15:13  Probe  
  156  15:22  Zealot x3  
  156  15:25  Probe  
  156  15:28  Dark Templar  
  163  15:37  Dark Templar  
  161  15:44  Probe x2  
Tags
 
Add a new tag
Caveats
  • Supply blocks, unpowered buildings, or Contaminate may cause inaccurate times.
  • Supply counts are checked every 10 seconds.